| TOP OF THE 1ST |
|
Quad Cities Angels batting - Pitching for Appleton Foxes : RHP Keith Hendry
|
|
Pitching: RHP Keith Hendry
|
|
|
Batting: SHB Keith Thrower
|
0-0: Ball 1-0: Ball 2-0: Ground out 6-3 (Groundball, 6, EV 78.1 MPH)
|
|
Batting: RHB Dionisio DeJesus
|
0-0: Ball 1-0: Ball 2-0: Ball 3-0: Called Strike 3-1: Swinging Strike 3-2: Foul Ball, location: 2F 3-2: Base on Balls
|
|
Batting: LHB Scott Bradley
|
0-0: Fly out, F8 (Flyball, 8RXD, EV 110.0 MPH)
|
|
Batting: LHB Chuck Sandberg
|
0-0: Ball Dionisio DeJesus steals 2nd base 1-0: Swinging Strike 1-1: Called Strike 1-2: Ball 2-2: Ball 3-2: Base on Balls
|
|
Batting: RHB Danny Ramires
|
0-0: Ball 1-0: Ball 2-0: Called Strike 2-1: Ground out 6-3 (Groundball, 6M, EV 88.8 MPH)
|
| Top of the 1st over - 0 runs, 0 hits, 0 errors, 2 left on base; Quad Cities 0 - Appleton 0 |
| BOTTOM OF THE 1ST |
|
Appleton Foxes batting - Pitching for Quad Cities Angels : LHP Casey Hagan
|
|
Pitching: LHP Casey Hagan
|
|
|
Batting: LHB John Csefalvay
|
0-0: Ball 1-0: Called Strike 1-1: Swinging Strike 1-2: Foul Ball, location: 2F 1-2: DOUBLE (Line Drive, 9LD, EV 100.0 MPH)
|
|
Batting: SHB Matt Gallegos
|
0-0: Called Strike 0-1: Ground out 1-3 (Groundball, P, EV 94.4 MPH) John Csefalvay to third
|
|
Batting: RHB George Hinshaw
|
0-0: Foul Ball, location: 2F 0-1: Ball 1-1: Called Strike 1-2: Fly out, F7 (Flyball, 7D, EV 93.1 MPH) Runner from 3rd tags up, SCORES, no throw by LF
|
|
Batting: RHB Douglas Lulay
|
0-0: Ball 1-0: Foul Ball, location: 2F 1-1: Called Strike 1-2: Foul Ball, location: 2F 1-2: Foul Ball, location: 2F 1-2: Ground out 6-3 (Groundball, 6MD, EV 100.6 MPH)
|
| Bottom of the 1st over - 1 run, 1 hit, 0 errors, 0 left on base; Quad Cities 0 - Appleton 1 |
| TOP OF THE 2ND |
|
Quad Cities Angels batting - Pitching for Appleton Foxes : RHP Keith Hendry
|
|
Batting: RHB William Cline
|
0-0: Ball 1-0: Ball 2-0: DOUBLE (Line Drive, 5D, EV 96.3 MPH)
|
|
Batting: SHB Brian Butera
|
0-0: Swinging Strike 0-1: Ball 1-1: Fly out, F9 (Flyball, 89D, EV 88.1 MPH) Runner from 2nd tags up, SAFE at 3rd, no throw by RF
|
|
Batting: RHB Mark Riemer
|
0-0: Ball 1-0: Called Strike 1-1: Foul Ball, location: 2F 1-2: Ball 2-2: Ball 3-2: Ground out 6-3 (Groundball, 6MS, EV 84.4 MPH) William Cline scores
|
|
Batting: RHB Lance Ediger
|
0-0: Foul Ball, location: 2F 0-1: Ball 1-1: Ground out 6-3 (Groundball, 6MD, EV 86.9 MPH)
|
| Top of the 2nd over - 1 run, 1 hit, 0 errors, 0 left on base; Quad Cities 1 - Appleton 1 |
| BOTTOM OF THE 2ND |
|
Appleton Foxes batting - Pitching for Quad Cities Angels : LHP Casey Hagan
|
|
Batting: RHB Walter Steele
|
0-0: Ground out 4-3 (Groundball, 4M, EV 83.1 MPH)
|
|
Batting: RHB Jack Upton
|
0-0: Ball 1-0: Ball 2-0: Ground out 5-3 (Groundball, 5L, EV 78.8 MPH)
|
|
Batting: RHB Thomas Norko
|
0-0: Ball 1-0: Ball 2-0: Called Strike 2-1: Called Strike 2-2: Foul Ball, location: 2F 2-2: Foul Ball, location: 2F 2-2: Ball 3-2: SINGLE (Flyball, 34D, EV 86.9 MPH)
|
|
Batting: RHB Philip Sutton
|
0-0: Ball 1-0: Foul Ball, location: 2F 1-1: Swinging Strike 1-2: Ball 2-2: Ball 3-2: Ground out 4-3 (Groundball, 4M, EV 84.4 MPH)
|
| Bottom of the 2nd over - 0 runs, 1 hit, 0 errors, 1 left on base; Quad Cities 1 - Appleton 1 |
| TOP OF THE 3RD |
|
Quad Cities Angels batting - Pitching for Appleton Foxes : RHP Keith Hendry
|
|
Batting: SHB Keith Thrower
|
0-0: Ball 1-0: Foul Ball, location: 2F 1-1: Fly out, F9 (Flyball, 89M, EV 96.3 MPH)
|
|
Batting: RHB Dionisio DeJesus
|
0-0: Foul Ball, location: 2F 0-1: Foul Ball, location: 2F 0-2: Strikes out swinging
|
|
Batting: LHB Scott Bradley
|
0-0: Called Strike 0-1: Ball 1-1: Ball 2-1: Fly out, F8 (Line Drive, 8LD, EV 90.6 MPH)
|
| Top of the 3rd over - 0 runs, 0 hits, 0 errors, 0 left on base; Quad Cities 1 - Appleton 1 |
| BOTTOM OF THE 3RD |
|
Appleton Foxes batting - Pitching for Quad Cities Angels : LHP Casey Hagan
|
|
Batting: LHB Paul Cooper
|
0-0: SINGLE (Line Drive, 5L, EV 96.9 MPH)
|
|
Batting: LHB John Csefalvay
|
0-0: SINGLE (Line Drive, 9S, EV 103.8 MPH) Paul Cooper to second
|
|
Batting: SHB Matt Gallegos
|
0-0: Called Strike 0-1: Swinging Strike 0-2: Ball 1-2: Strikes out swinging
|
|
Batting: RHB George Hinshaw
|
0-0: Ball 1-0: Fielders Choice at 2nd, 4-6 (Groundball, 4, EV 81.3 MPH) Paul Cooper to third
|
|
Batting: RHB Douglas Lulay
|
0-0: Ball 1-0: Fly out, F6 (Popup, 6M, EV 54.4 MPH)
|
| Bottom of the 3rd over - 0 runs, 2 hits, 0 errors, 2 left on base; Quad Cities 1 - Appleton 1 |
| TOP OF THE 4TH |
|
Quad Cities Angels batting - Pitching for Appleton Foxes : RHP Keith Hendry
|
|
Batting: LHB Chuck Sandberg
|
0-0: TRIPLE (Line Drive, 89XD, EV 105.0 MPH)
|
|
Batting: RHB Danny Ramires
|
0-0: Ball 1-0: Ball 2-0: Ball 3-0: Called Strike 3-1: Foul Ball, location: 2F 3-2: Ground out 4-3 (Groundball, 34, EV 85.0 MPH) Chuck Sandberg scores
|
|
Batting: RHB William Cline
|
0-0: Ball 1-0: Called Strike 1-1: Ball 2-1: Called Strike 2-2: Ball 3-2: Base on Balls
|
|
Batting: SHB Brian Butera
|
0-0: Ball 1-0: Ball 2-0: Ball 3-0: Foul Ball, location: 2F 3-1: Base on Balls William Cline to second
|
|
Batting: RHB Mark Riemer
|
0-0: Called Strike 0-1: Ball 1-1: Foul Ball, location: 2F 1-2: Strikes out swinging
|
|
Batting: RHB Lance Ediger
|
0-0: Ball 1-0: Called Strike 1-1: Ground out 1-3 (Groundball, P, EV 78.8 MPH)
|
| Top of the 4th over - 1 run, 1 hit, 0 errors, 2 left on base; Quad Cities 2 - Appleton 1 |
| BOTTOM OF THE 4TH |
|
Appleton Foxes batting - Pitching for Quad Cities Angels : LHP Casey Hagan
|
|
Batting: RHB Walter Steele
|
0-0: Called Strike 0-1: Ball 1-1: Ball 2-1: Ball 3-1: Called Strike 3-2: Base on Balls
|
|
Batting: RHB Jack Upton
|
0-0: Ball 1-0: Foul Ball, location: 2F 1-1: Ball 2-1: Ball 3-1: Grounds into double play, 5-4-3 (Groundball, 56S, EV 90.0 MPH)
|
|
Batting: RHB Thomas Norko
|
0-0: Foul Ball, location: 2F 0-1: Ball 1-1: Swinging Strike 1-2: Ball 2-2: Ground out 4-3 (Groundball, 4, EV 83.8 MPH)
|
| Bottom of the 4th over - 0 runs, 0 hits, 0 errors, 0 left on base; Quad Cities 2 - Appleton 1 |
| TOP OF THE 5TH |
|
Quad Cities Angels batting - Pitching for Appleton Foxes : RHP Keith Hendry
|
|
Batting: SHB Keith Thrower
|
0-0: Ground out 1-3 (Groundball, 34S, EV 85.6 MPH)
|
|
Batting: RHB Dionisio DeJesus
|
0-0: Ball 1-0: Foul Ball, location: 2F 1-1: Ball 2-1: SINGLE (Line Drive, 8LS, EV 88.1 MPH)
|
|
Batting: LHB Scott Bradley
|
0-0: Ball 1-0: Ball 2-0: Foul Ball, location: 2F 2-1: Foul Ball, location: 2F 2-2: Ball 3-2: Fly out, F8 (Flyball, 78D, EV 91.3 MPH)
|
|
Batting: LHB Chuck Sandberg
|
0-0: Foul Ball, location: 2F 0-1: Foul Ball, location: 2F 0-2: SINGLE (Groundball, 3S, EV 63.1 MPH) (infield hit) Dionisio DeJesus to second
|
|
Batting: RHB Danny Ramires
|
0-0: Foul Ball, location: 2F 0-1: Ball Wild Pitch! Dionisio DeJesus to third Chuck Sandberg to second 1-1: Foul Ball, location: 2F 1-2: Ball 2-2: Fly out, F4 (Popup, 3S, EV 88.8 MPH)
|
| Top of the 5th over - 0 runs, 2 hits, 0 errors, 2 left on base; Quad Cities 2 - Appleton 1 |
| BOTTOM OF THE 5TH |
|
Appleton Foxes batting - Pitching for Quad Cities Angels : LHP Casey Hagan
|
|
Batting: RHB Philip Sutton
|
0-0: Ball 1-0: Reached on error, E3 (Groundball, 3, EV 81.3 MPH)
|
|
Batting: LHB Paul Cooper
|
0-0: Called Strike 0-1: Ball 1-1: Foul Ball, location: 2F 1-2: Foul Ball, location: 2F 1-2: Ball 2-2: Ball Philip Sutton steals 2nd, throwing error, E2 Philip Sutton to third 3-2: Strikes out swinging
|
|
Batting: LHB John Csefalvay
|
0-0: Ball 1-0: SINGLE (Groundball, 6M, EV 98.1 MPH) Philip Sutton scores
|
|
Batting: SHB Matt Gallegos
|
0-0: Called Strike 0-1: Ball John Csefalvay steals 2nd base (no throw) 1-1: Ball 2-1: Reached on error, E9 (Flyball, 9S, EV 85.0 MPH) John Csefalvay to third
|
|
Batting: RHB George Hinshaw
|
0-0: Ball 1-0: Fielders Choice at 2nd, 6-4 (Groundball, 6, EV 104.4 MPH) John Csefalvay scores
|
|
Batting: RHB Douglas Lulay
|
0-0: Ball 1-0: Ball 2-0: Swinging Strike 2-1: Foul Ball, location: 2F 2-2: DOUBLE (Line Drive, 9LM, EV 112.5 MPH) George Hinshaw to third George Hinshaw scores
|
|
Batting: RHB Walter Steele
|
0-0: Ball 1-0: Foul Ball, location: 2F 1-1: Foul Ball, location: 2F 1-2: Foul Ball, location: 2F 1-2: Foul Ball, location: 2F 1-2: Foul Ball, location: 2F 1-2: Fly out, F7 (Flyball, 78D, EV 97.5 MPH)
|
| Bottom of the 5th over - 3 runs, 2 hits, 3 errors, 1 left on base; Quad Cities 2 - Appleton 4 |
| TOP OF THE 6TH |
|
Quad Cities Angels batting - Pitching for Appleton Foxes : RHP Keith Hendry
|
|
Batting: RHB William Cline
|
0-0: Foul Ball, location: 2F 0-1: Fly out, F7 (Flyball, 78D, EV 93.8 MPH)
|
|
Batting: SHB Brian Butera
|
0-0: Ball 1-0: Bunt missed! 1-1: Ball 2-1: Foul Ball, location: 2F 2-2: Fly out, F7 (Line Drive, 7, EV 96.3 MPH)
|
|
Batting: RHB Mark Riemer
|
0-0: Fly out, F8 (Flyball, 89D, EV 89.4 MPH)
|
| Top of the 6th over - 0 runs, 0 hits, 0 errors, 0 left on base; Quad Cities 2 - Appleton 4 |
| BOTTOM OF THE 6TH |
|
Appleton Foxes batting - Pitching for Quad Cities Angels : LHP Casey Hagan
|
|
Batting: RHB Jack Upton
|
0-0: Bunt missed! 0-1: Fly out, F9 (Flyball, 9D, EV 102.5 MPH)
|
|
Batting: RHB Thomas Norko
|
0-0: Ball 1-0: Fly out, F8 (Flyball, 89D, EV 86.9 MPH)
|
|
Batting: RHB Philip Sutton
|
0-0: Ball 1-0: Foul Ball, location: 2F 1-1: Foul Ball, location: 2F 1-2: Ball 2-2: Foul Ball, location: 2F 2-2: Fly out, F9 (Flyball, 9S, EV 96.3 MPH)
|
| Bottom of the 6th over - 0 runs, 0 hits, 0 errors, 0 left on base; Quad Cities 2 - Appleton 4 |
| TOP OF THE 7TH |
|
Quad Cities Angels batting - Pitching for Appleton Foxes : RHP Keith Hendry
|
|
Batting: RHB Lance Ediger
|
0-0: Ball 1-0: Foul Ball, location: 2F 1-1: Fly out, F5 (Popup, 5, EV 78.8 MPH)
|
|
Batting: SHB Keith Thrower
|
0-0: Called Strike 0-1: Foul Ball, location: 2F 0-2: Ball 1-2: Ball 2-2: Foul Ball, location: 2F 2-2: Foul Ball, location: 2F 2-2: Fly out, F8 (Flyball, 8RM, EV 86.9 MPH)
|
|
Batting: RHB Dionisio DeJesus
|
0-0: Foul Ball, location: 2F 0-1: Swinging Strike 0-2: TRIPLE (Flyball, 9LD, EV 105.0 MPH)
|
|
Batting: LHB Scott Bradley
|
0-0: Swinging Strike 0-1: Ball 1-1: Fly out, F7 (Flyball, 7D, EV 85.0 MPH)
|
| Top of the 7th over - 0 runs, 1 hit, 0 errors, 1 left on base; Quad Cities 2 - Appleton 4 |
| BOTTOM OF THE 7TH |
|
Appleton Foxes batting - Pitching for Quad Cities Angels : LHP Casey Hagan
|
|
Batting: LHB Paul Cooper
|
0-0: Ball 1-0: Foul Ball, location: 2F 1-1: Ball 2-1: Foul Ball, location: 2F 2-2: Foul Ball, location: 2F 2-2: Ball 3-2: SINGLE (Groundball, 6MD, EV 96.9 MPH)
|
|
Batting: LHB John Csefalvay
|
0-0: Ball 1-0: Called Strike 1-1: Ball 2-1: Foul Ball, location: 2F 2-2: Fly out, F5 (Popup, 56, EV 75.0 MPH)
|
|
Batting: SHB Matt Gallegos
|
0-0: Ball Paul Cooper steals 2nd base 1-0: Foul Ball, location: 2F 1-1: Foul Ball, location: 2F 1-2: Ball 2-2: SINGLE (Groundball, 56S, EV 68.8 MPH) (infield hit) Paul Cooper to third
|
|
Batting: RHB George Hinshaw
|
0-0: Called Strike Matt Gallegos steals 2nd base 0-1: Ball 1-1: Ball 2-1: Ball 3-1: SINGLE (Groundball, 6MD, EV 101.9 MPH) Paul Cooper scores Matt Gallegos to third Runner from 3rd tries for Home, SAFE, throw by CF to home
|
|
Pitching: RHP David Mangrum
|
|
|
Batting: RHB Douglas Lulay
|
0-0: Ball 1-0: Ball 2-0: Ball 3-0: Called Strike 3-1: Foul Ball, location: 2F 3-2: Base on Balls George Hinshaw to second
|
|
Batting: RHB Walter Steele
|
0-0: Called Strike George Hinshaw steals 3rd base (no throw) Douglas Lulay to second 0-1: Foul Ball, location: 2F 0-2: Ball 1-2: Foul Ball, location: 2F 1-2: Ground out 4-3 (Groundball, 4M, EV 103.1 MPH) George Hinshaw scores Douglas Lulay to third
|
|
Batting: RHB Jack Upton
|
0-0: Foul Ball, location: 2F 0-1: Ball 1-1: Ball 2-1: SINGLE (Line Drive, 78S, EV 105.6 MPH) Douglas Lulay scores
|
|
Batting: RHB Thomas Norko
|
0-0: Ball 1-0: Ball 2-0: Called Strike 2-1: Ball 3-1: Swinging Strike 3-2: Foul Ball, location: 2F 3-2: Strikes out looking
|
| Bottom of the 7th over - 4 runs, 4 hits, 0 errors, 1 left on base; Quad Cities 2 - Appleton 8 |
| TOP OF THE 8TH |
|
Quad Cities Angels batting - Pitching for Appleton Foxes : RHP Keith Hendry
|
|
Batting: LHB Chuck Sandberg
|
0-0: SINGLE (Groundball, 34D, EV 101.3 MPH)
|
|
Batting: RHB Danny Ramires
|
0-0: SINGLE (Flyball, 89S, EV 86.3 MPH) Chuck Sandberg to second Runner from 2nd tries for 3rd, SAFE, throw by RF made to third
|
|
Batting: RHB William Cline
|
0-0: Called Strike 0-1: Ball 1-1: Swinging Strike 1-2: Foul Ball, location: 2F 1-2: Ball 2-2: Foul Ball, location: 2F 2-2: SINGLE (Line Drive, 6MD, EV 101.9 MPH) Chuck Sandberg scores Danny Ramires to second
|
|
Batting: SHB Brian Butera
|
0-0: Ball 1-0: Fielders Choice at 2nd, 6-4 (Groundball, 6, EV 83.8 MPH) Danny Ramires to third
|
|
Batting: RHB Mark Riemer
|
0-0: Ball 1-0: Swinging Strike 1-1: Foul Ball, location: 2F 1-2: Ball 2-2: Strikes out swinging
|
|
Batting: RHB Lance Ediger
|
0-0: Ball 1-0: Ball 2-0: Called Strike 2-1: Ball 3-1: Base on Balls Brian Butera to second
|
|
Batting: SHB Keith Thrower
|
0-0: Ball 1-0: Ball 2-0: Ball 3-0: Called Strike 3-1: Foul Ball, location: 2F 3-2: Foul Ball, location: 2F 3-2: Ground out 4-3 (Groundball, 4, EV 109.4 MPH)
|
| Top of the 8th over - 1 run, 3 hits, 0 errors, 3 left on base; Quad Cities 3 - Appleton 8 |
| BOTTOM OF THE 8TH |
|
Appleton Foxes batting - Pitching for Quad Cities Angels : RHP David Mangrum
|
|
Batting: RHB Philip Sutton
|
0-0: SINGLE (Flyball, 56D, EV 91.3 MPH)
|
|
Batting: LHB Paul Cooper
|
0-0: Ball 1-0: Called Strike 1-1: Fly out, F3 (Popup, 3S, EV 68.1 MPH)
|
|
Batting: LHB John Csefalvay
|
0-0: Ball 1-0: Ball 2-0: Ball 3-0: Swinging Strike 3-1: Base on Balls Philip Sutton to second
|
|
Batting: SHB Matt Gallegos
|
0-0: Ball 1-0: Ball 2-0: Called Strike 2-1: Foul Ball, location: 2F 2-2: Ball 3-2: Base on Balls Philip Sutton to third John Csefalvay to second
|
|
Batting: RHB George Hinshaw
|
0-0: Ball 1-0: Ball 2-0: Ball 3-0: Called Strike 3-1: Swinging Strike 3-2: Foul Ball, location: 2F 3-2: Base on Balls Philip Sutton scores John Csefalvay to third Matt Gallegos to second
|
|
Pitching: RHP Gary Granke
|
|
|
Batting: RHB Douglas Lulay
|
0-0: Grounds into double play, 6-4-3 (Groundball, 6, EV 113.1 MPH)
|
| Bottom of the 8th over - 1 run, 1 hit, 0 errors, 2 left on base; Quad Cities 3 - Appleton 9 |
| TOP OF THE 9TH |
|
Quad Cities Angels batting - Pitching for Appleton Foxes : RHP Keith Hendry
|
|
Batting: RHB Dionisio DeJesus
|
0-0: Swinging Strike 0-1: Swinging Strike 0-2: Foul Ball, location: 2F 0-2: Ball 1-2: Strikes out looking
|
|
Batting: LHB Scott Bradley
|
0-0: SINGLE (Flyball, 5D, EV 81.3 MPH)
|
|
Batting: LHB Chuck Sandberg
|
0-0: Called Strike 0-1: Swinging Strike 0-2: Ball 1-2: Foul Ball, location: 2F 1-2: Fly out, F6 (Line Drive, 6, EV 64.4 MPH)
|
|
Batting: RHB Danny Ramires
|
0-0: Ball 1-0: Ball 2-0: Called Strike 2-1: Foul Ball, location: 2F 2-2: Foul Ball, location: 2F 2-2: Ground out 5-3 (Groundball, 56S, EV 92.5 MPH)
|
| Top of the 9th over - 0 runs, 1 hit, 0 errors, 1 left on base; Quad Cities 3 - Appleton 9 |
|